 Dungeon Crawl Stone Soup version 0.21-a0-630-g344d351 (webtiles) character file.

209 tsouns the Covert (level 5, -6/35 HPs)
             Began as an Octopode Assassin on Dec 26, 2017.
             Killed from afar by Doomer's ghost (12 damage)
             ... with a spray of energy
             ... on level 3 of the Dungeon.
             The game lasted 00:08:24 (1765 turns).

tsouns the Covert (Octopode Assassin)               Turns: 1765, Time: 00:08:25

Health: -6/35      AC:  1    Str: 10    XL:     5   Next: 87%
Magic:  5/5        EV: 13    Int: 14    God:
Gold:   66         SH:  0    Dex: 14    Spells: 4/4 levels left

rFire    . . .     SeeInvis .   a - +3 dagger
rCold    . . .     Gourm    .   (no shield)
rNeg     . . .     Faith    .   (helmet restricted)
rPois    .         Spirit   .   (no amulet)
rElec    .         Reflect  .   m - ring of wizardry
rCorr    .         Harm     .   (no ring)
MR       .....                  (no ring)
Stlth    +++++.....             (no ring)
HPRegen  0.11/turn              (no ring)
MPRegen  0.09/turn              (no ring)
                                (no ring)
                                (no ring)

@: no status effects
A: almost no armour, stealthy swim, amphibious, 8 rings, constrict 8, camouflage
1, gelatinous body 1
a: no special abilities


You were on level 3 of the Dungeon.
You were not hungry.

You visited 1 branch of the dungeon, and saw 3 of its levels.

You collected 66 gold pieces.

Inventory:

Hand Weapons
 a - a +3 dagger (weapon)
 b - a +0 blowgun
Missiles
 c - 18 poisoned needles
 d - 2 curare-tipped needles
 j - 4 tomahawks (quivered)
Jewellery
 m - a ring of wizardry (left tentacle)
Scrolls
 i - 2 scrolls of remove curse
Potions
 e - 2 potions of haste {unknown}
 g - a potion of resistance
 h - a potion of invisibility {unknown}
Comestibles
 f - 7 rations
 n - a chunk of flesh


   Skills:
 + Level 2.4 Fighting
 + Level 3.4 Short Blades
 + Level 2.3 Throwing
 + Level 1.5 Dodging
 + Level 8.0 Stealth


You had 4 spell levels left.
You didn't know any spells.

Dungeon Overview and Level Annotations

Branches:
Dungeon (3/15)

Altars:
Trog

Annotations:
D:3 Doomer's ghost, amateur DECj


Innate Abilities, Weirdness & Mutations

You cannot wear most types of armour.
You are very stealthy in the water. (Stealth+)
You are amphibious.
You can wear up to eight rings at the same time.
You can use your tentacles to constrict eight enemies at once.
Your skin changes colour to match your surroundings (Stealth+).
Your rubbery body absorbs attacks. (AC +1, EV +1)


Message History

A hobgoblin comes into view.
You rip the net and break free!
The goblin throws a stone.
The stone closely misses you.
The kobold throws a stone.
The stone misses you. Doomer's ghost hits you.
The hobgoblin moves out of view.
The goblin moves out of view.
Doomer's ghost screams, "Zot is a myth, the ORB is a fable, you'll soon be a tale!"
Doomer's ghost gestures at you while chanting.
The orb of energy hits you!
Ouch! That really hurt!
* * * LOW HITPOINT WARNING * * *
The orb of energy explodes!
You see here 3 stones.
Okay, then.
You feel better.
Doomer's ghost gestures at you while chanting.
The magic dart hits you!
* * * LOW HITPOINT WARNING * * *
Doomer's ghost casts a spell at you. The spray of energy hits you!
You die...

#.######.##.###..##.####........
#.#..............##.............
#.#.#...............÷#.##.......
#.#.#.###.###.#..#####.##.#.....
#.#.#.# #.# #.#..##.......#.....
#.#.#.###.###.#..W((...#######..
#.#.....†.....##.##(##....#....#
#.###.###.###.##...K.####.#.####
#.# #.# #......@.###g# #.#.# #.#
#.#######.##.# (# #...#
#.###........<#.## K≈ ##..#
#...............# .≈g ##..#
###############.# K≈≈.#...# ###
..≈.#..## _(.#####


You could see Doomer's ghost and a kobold.

Vanquished Creatures
  A big kobold (D:3)
  3 gnolls (D:3)
  4 adders
  A worm (D:3)
  2 dart slugs (D:1)
  3 leopard geckos
  2 ball pythons
  13 bats
  2 giant cockroaches
  8 goblins
  6 hobgoblins
  5 kobolds
  A quokka (D:3)
  6 frilled lizards
  7 rats
64 creatures vanquished.

Notes
Turn   | Place    | Note
-------+----------+-------------------------------------------
     0 | D:1      | tsouns the Octopode Assassin began the quest for the Orb.
     0 | D:1      | Reached XP level 1. HP: 14/14 MP: 1/1
    31 | D:1      | Reached XP level 2. HP: 19/19 MP: 2/2
    66 | D:1      | Reached skill level 6 in Stealth
   135 | D:1      | Reached XP level 3. HP: 10/24 MP: 3/3
   962 | D:2      | Reached XP level 4. HP: 29/29 MP: 4/4
  1185 | D:3      | Reached skill level 7 in Stealth
  1245 | D:3      | Noticed a big kobold
  1252 | D:3      | Killed a big kobold
  1252 | D:3      | Reached XP level 5. HP: 35/35 MP: 5/5
  1536 | D:3      | Reached skill level 8 in Stealth
  1648 | D:3      | Noticed Doomer's ghost (amateur DECj)
  1751 | D:3      | Found a bloodstained altar of Trog.
  1760 | D:3      | HP: 1/35 [Doomer's ghost/orb of energy (24)]
  1765 | D:3      | Killed from afar by Doomer's ghost

Vault maps used:
D:1:      mrwooster_arrival_statue
D:2:      minmay_misc_feat_chi, minmay_tiny_reverse_x
D:3:      trog_hazing_becter, uniq_jessica

Skill      XL: |  1  2  3  4  5 |
---------------+----------------+-----
Stealth        | 6 7 8 |  8.0
Short Blades   | 3 |  3.4
Fighting       | |  2.4
Throwing       | |  2.3
Dodging        | |  1.5

Action                   |  1- 3 |  4- 6 || total
-------------------------+-------+-------++-------
Melee: Dagger            |    66 |    34 ||   100
       Constrict         |    17 |     5 ||    22
       Tentacles         |     5 |     3 ||     8
 Fire: Blowgun           |     3 |    10 ||    13
  Use: Scroll            |     6 |     2 ||     8
       Potion            |       |     1 ||     1
 Stab: Sleeping          |    12 |    14 ||    26
       Distracted        |     1 |       ||     1
  Eat: Chunk             |       |     3 ||     3
Armor: Skin              |     4 |     1 ||     5
Dodge: Dodged            |    27 |    23 ||    50

Table legend:
 A = Spawn XP
 B = Non-spawn XP
 C = Spawn XP percentage of total XP
 D = Spawn monster count
 E = Non-spawn monster count
 F = Spawn count percentage of total count
 G = Total turns spent on level
                    A         B        C        D         E        F      G
               +---------+---------+-------+---------+---------+-------+---------
         Total |       0 |     299 |   0.0 |       0 |      64 |   0.0 |  1765
               +---------+---------+-------+---------+---------+-------+---------
           D:1 |       0 |      48 |   0.0 |       0 |      26 |   0.0 |   629
           D:2 |       0 |      49 |   0.0 |       0 |      14 |   0.0 |   551
           D:3 |       0 |     202 |   0.0 |       0 |      24 |   0.0 |   585
               +---------+---------+-------+---------+---------+-------+---------
